 Dungeon Crawl Stone Soup version 0.30-a0-58-gc0703345a7 (webtiles) character file.

Game seed: 13138654511722566797

359 flotson the Sneak (level 6, 0/48 HPs)
             Began as a Demonspawn Delver on Sept 11, 2022.
             Slain by an iguana (7 damage)
             ... on level 2 of the Dungeon.
             The game lasted 00:05:57 (3078 turns).

flotson the Sneak (Demonspawn Delver)               Turns: 3078, Time: 00:05:57

Health: 0/48       AC:  8    Str: 15    XL:     6   Next: 37%
Magic:  6/6        EV: 10    Int: 11    God:
Gold:   159        SH:  0    Dex: 14    Spells: 5/5 levels left

rFire   . . .      SeeInvis +    a - +1 trident (flame)
rCold   . . .      Faith    .    (no shield)
rNeg    . . .      Spirit   .    i - +0 scale mail
rPois   +          Reflect  .    (helmet restricted)
rElec   .          Harm     .    t - +0 cloak {rPois}
rCorr   .          Rampage  .    (no gloves)
Will    .....                    j - +0 pair of boots
Stlth   +.........               (no amulet)
HPRegen 0.16/turn                o - +4 ring of slaying
MPRegen 0.10/turn                y - ring of see invisible

@: no status effects
A: antennae 2, powered by death 1
a: no special abilities


You were on level 2 of the Dungeon.
You visited 1 branch of the dungeon, and saw 5 of its levels.

You collected 159 gold pieces.

Inventory:

Hand Weapons
 a - a +1 trident of flaming (weapon)
 b - a +0 sling of freezing
Missiles
 h - a boomerang
Armour
 i - a +0 scale mail (worn)
 j - a +0 pair of boots (worn)
 t - a +0 cloak of poison resistance (worn)
Jewellery
 o - a +4 ring of slaying (left hand)
 y - a ring of see invisible (right hand)
Wands
 g - a wand of digging (2)
Scrolls
 c - 2 scrolls of fog
 e - a scroll of brand weapon {unknown}
 k - 2 scrolls of teleportation {unknown}
 q - a scroll of immolation {unknown}
 r - 3 scrolls of vulnerability {unknown}
 w - 4 scrolls of identify {unknown}
 z - a scroll of enchant armour {unknown}
 A - a scroll of summoning {unknown}
Potions
 d - a potion of might {unknown}
 f - 2 potions of haste
 l - a potion of brilliance {unknown}
 m - a potion of lignification {unknown}
 n - a potion of invisibility {unknown}
 p - a potion of heal wounds {unknown}
 s - a potion of curing {unknown}
 u - a potion of cancellation {unknown}
 v - 2 potions of flight {unknown}
 x - 2 potions of degeneration {unknown}


   Skills:
 + Level 4.2 Fighting
 - Level 1.7 Axes
 + Level 1.9 Ranged Weapons
 + Level 2.4 Armour
 + Level 3.2 Dodging
 - Level 4.5 Stealth
 + Level 2.6 Evocations


You had 5 spell levels left.
You didn't know any spells.
Your spell library was empty.

Dungeon Overview and Level Annotations

Branches:
Dungeon (5/15)
 Temple: D:4-7

Altars:


Innate Abilities, Weirdness & Mutations

You have a pair of antennae on your head.
You regenerate a little health from kills.


Message History

The iguana bites you but does no damage.
Fire: b) +0 sling (freeze)
Press: ? - help, Q - select action, (/) - cycle Shift-Dir - straight line, f/p - iguana
Aim: an iguana (66% to hit)
You shoot a sling bullet.
The sling bullet hits the iguana but does no damage.
The iguana bites you.
Fire: b) +0 sling (freeze)
Press: ? - help, Q - select action, (/) - cycle Shift-Dir - straight line, f/p - iguana
Aim: an iguana (66% to hit)
You shoot a sling bullet.
The sling bullet hits the iguana but does no damage.
The iguana closely misses you. x2
Fire: b) +0 sling (freeze)
Press: ? - help, Q - select action, (/) - cycle Shift-Dir - straight line, f/p - iguana
Aim: an iguana (66% to hit)
You shoot a sling bullet. The sling bullet hits the iguana!
The sling bullet freezes the iguana.
The iguana is severely wounded.
The iguana barely misses you.
Fire: b) +0 sling (freeze)
Press: ? - help, Q - select action, (/) - cycle Shift-Dir - straight line, f/p - iguana
Aim: an iguana (severely wounded, 66% to hit)
You shoot a sling bullet.
The sling bullet closely misses the iguana.
The iguana bites you but does no damage.
The iguana bites you!
* * * LOW HITPOINT WARNING * * *
Fire: b) +0 sling (freeze)
Press: ? - help, Q - select action, (/) - cycle Shift-Dir - straight line, f/p - iguana
Aim: an iguana (severely wounded, 66% to hit)
You shoot a sling bullet.
The sling bullet barely misses the iguana.
The iguana bites you!
* * * LOW HITPOINT WARNING * * *
Your +0 sling of freezing stops glowing.
Your +1 trident of flaming bursts into flame!
a - a +1 trident of flaming (weapon)
The iguana bites you!
You die...

#.#...## #.#### ##.#
#.#.### #....## #.#
#.#.# ##.###.## #.#
#.#.# #.## ##.###.#
#.#.# #.# #.....#
#.#.# #.## ##.#####
#.#.# ##.###.##
#.#.######.....##
#...>.@...#...########
###.#..l.###.........#
#.......#.########.#
##........# #.#
#......#.# #####.#
#.##.###.# #.....#
#.##.# #.# #.....#
#.##.# #.# #.....#
#.##.# #.####.....#


You could see an iguana.

Vanquished Creatures
  A sky beast (D:3)
  A bullfrog (D:4)
  An orc priest (D:3)
  An iguana (D:3)
  An orc wizard (D:3)
  4 adders
  A gnoll (D:1)
  2 worms
  3 orcs
  4 endoplasms
  3 giant cockroaches
  5 goblins
  6 hobgoblins
  3 jackals (D:3)
  4 quokkas
  5 ball pythons
  4 bats
  6 frilled lizards
  11 kobolds
  7 rats
73 creatures vanquished.

Vanquished Creatures (others)
  10 toadstools (D:4)
10 creatures vanquished.

Grand Total: 83 creatures vanquished

Notes
Turn   | Place    | Note
-------+----------+-------------------------------------------
     0 | D:5      | flotson the Demonspawn Delver began the quest for the Orb.
     0 | D:5      | Reached XP level 1. HP: 18/18 MP: 1/1
    74 | D:5      | Noticed a jelly
    81 | D:4      | Noticed a sky beast
    82 | D:4      | Noticed a bullfrog
   115 | D:4      | Noticed an iguana
   118 | D:3      | Noticed an orc wizard
   125 | D:3      | Gained mutation: You regenerate a little health from kills.
                  | [demonic ancestry]
   125 | D:3      | Reached XP level 2. HP: 22/24 MP: 2/2
   268 | D:3      | Reached skill level 1 in Armour
   268 | D:3      | Reached skill level 1 in Evocations
   307 | D:3      | Gained mutation: You have a pair of small antennae on your
                  | head. [demonic ancestry]
   307 | D:3      | Reached XP level 3. HP: 29/29 MP: 3/3
   586 | D:3      | HP: 1/29 [orc priest/+0 club (3)]
   588 | D:3      | Reached XP level 4. HP: 2/36 MP: 4/4
   973 | D:3      | Reached skill level 1 in Ranged Weapons
  1395 | D:1      | Reached XP level 5. HP: 42/42 MP: 5/5
  1883 | D:1      | Found a faded altar of an unknown god.
  2849 | D:3      | Killed a sky beast
  2850 | D:3      | Gained mutation: You have a pair of antennae on your head.
                  | [demonic ancestry]
  2850 | D:3      | Reached XP level 6. HP: 18/48 MP: 6/6
  3078 | D:2      | Slain by an iguana

Illustrated notes

Levels and vault maps discovered:
D:1:      zaba_arrival_water, layout_loops_ring,
          hellmonk_ecumenical_altar_leap_of_faith, minmay_misc_feat_chi,
          chequers_serial_rivers_micro_a
D:2:      layout_loops_ring, minmay_pentomino_p2
D:3:      layout_loops_ring, minivault_26, minmay_misc_feat_diagonals,
          chequers_avenue
D:4:      layout_rooms, mainiacjoe_overflow_alcove_2, tgw_fedhas,
          minmay_misc_feat_square, uniq_edmund
D:5:      layout_rooms, mainiacjoe_overflow_boulevard, uniq_prince_ribbit1,
          uniq_eustachio, uniq_blork_the_orc

Skill      XL: |  1  2  3  4  5 |
---------------+----------------+-----
Dodging        | 2 3 |  3.2
Armour         | 1 2 |  2.4
Evocations     | 1 2 |  2.6
Ranged Weapons | 1 |  1.9
Fighting       | 4 |  4.2
Axes           | |  1.7
Stealth        | |  4.5

Action                   |  1- 3 |  4- 6 || total
-------------------------+-------+-------++-------
Melee: Trident           |    76 |    53 ||   129
 Fire: Sling             |     7 |    82 ||    89
Evoke: Wand              |     1 |       ||     1
  Use: Scroll            |     2 |       ||     2
       Potion            |     1 |       ||     1
 Stab: Sleeping          |       |     2 ||     2
Armor: Scale mail        |    45 |    39 ||    84
Dodge: Dodged            |    41 |    44 ||    85

Table legend: (Time is in decaauts)
 A = Elapsed time spent in this place.
 B = Non-inter-level travel time spent in this place.
 C = Inter-level travel time spent in this place.
 D = Time resting spent in this place.
 E = Time spent auto-exploring this place.
 F = Levels seen in this place.
 G = Mean time per level.
                   A        B        C        D        E       F      G
               +--------+--------+--------+--------+--------+-----+--------+
         Total |   3155 |   3073 |     82 |    467 |   1934 |   5 |  631.0 |
       Dungeon |   3155 |   3073 |     82 |    467 |   1934 |   5 |  631.0 |
               +--------+--------+--------+--------+--------+-----+--------+

Top non-repeatable levels by time:
     D:3: 1547 daAuts
     D:1: 840 daAuts
     D:2: 618 daAuts
     D:5: 80 daAuts
     D:4: 67 daAuts
